 Dungeon Crawl Stone Soup version 0.26-a0-520-g952f204493 (webtiles) character file.

Game seed: 14156498792952307560

58 ReteAZ the Sneak (level 4, 0/26 HPs)
             Began as a Kobold Brigand on Aug 12, 2020.
             Slain by an adder (5 damage)
             ... on level 2 of the Dungeon.
             The game lasted 00:01:49 (788 turns).

ReteAZ the Sneak (Kobold Brigand)                    Turns: 788, Time: 00:01:49

Health: 0/26       AC:  3    Str:  8    XL:     4   Next: 21%
Magic:  4/4        EV: 14    Int: 12    God:
Gold:   59         SH:  0    Dex: 17    Spells: 3/3 levels left

rFire    . . .     SeeInvis .   a - +2 dagger
rCold    . . .     Faith    .   (shield restricted)
rNeg     . . .     Spirit   .   b - +0 robe
rPois    .         Reflect  .   (no helmet)
rElec    .         Harm     .   c - +0 cloak
rCorr    .                      (no gloves)
MR       .....                  (no boots)
Stlth    +++++.....             (no amulet)
HPRegen  0.08/turn              (no ring)
MPRegen  0.09/turn              (no ring)

@: lethally poisoned (0 -> -4)
A: small, nightstalker 3
a: no special abilities


You were on level 2 of the Dungeon.
You visited 1 branch of the dungeon, and saw 2 of its levels.

You collected 59 gold pieces.

Inventory:

Hand Weapons
 a - a +2 dagger (weapon)
Missiles
 d - 4 poisoned darts (quivered)
 e - 2 curare-tipped darts
Armour
 b - a +0 robe (worn)
 c - a +0 cloak (worn)
Scrolls
 f - 2 scrolls of identify {unknown}
 g - a scroll of teleportation {unknown}
 h - a scroll of noise {unknown}
 k - a scroll of blinking {unknown}
Potions
 i - a potion of lignification {unknown}
 j - a potion of flight {unknown}


   Skills:
 - Level 2.1 Fighting
 - Level 2.6 Short Blades
 - Level 2.1 Throwing
 - Level 1.2 Dodging
 + Level 7.6 Stealth


You had 3 spell levels left.
You didn't know any spells.
Your spell library was empty.

Dungeon Overview and Level Annotations

Branches:
Dungeon (2/15)

Altars:


Innate Abilities, Weirdness & Mutations

You are small and have problems with some larger weapons.
You are completely attuned to the shadows.


Message History

The adder is poisoned.
The adder misses you. The goblin misses you. The adder misses you.
You closely miss the adder.
The adder is almost dead.
The adder bites you. x2; The giant cockroach barely misses you.
The goblin barely misses you. The adder closely misses you.
You hit the adder.
You kill the adder!
The adder bites you.
You are poisoned.
The adder poisons you!
The giant cockroach waves its antennae.
The giant cockroach bites you.
* * * LOW HITPOINT WARNING * * *
The goblin barely misses you.
You barely miss the adder.
The adder is moderately wounded.
* * * LOW HITPOINT WARNING * * *
You feel sick. The adder bites you.
You die...

###
#...
##s...
#@†...
#gS...
#.....
#.....
#....(
#.....
##....
#...


You could see an adder (poisoned), a giant cockroach and a goblin (poisoned).

Vanquished Creatures
  2 gnolls
  2 adders (D:2)
  A dart slug (D:1)
  A ball python (D:1)
  2 giant cockroaches (D:1)
  4 goblins
  3 hobgoblins
  2 jackals (D:1)
  A bat (D:1)
  A frilled lizard (D:2)
  A rat (D:2)
20 creatures vanquished.

Notes
Turn   | Place    | Note
-------+----------+-------------------------------------------
     0 | D:1      | ReteAZ the Kobold Brigand began the quest for the Orb.
     0 | D:1      | Reached XP level 1. HP: 12/12 MP: 1/1
   132 | D:1      | Reached XP level 2. HP: 15/17 MP: 2/2
   173 | D:1      | Reached skill level 6 in Stealth
   339 | D:1      | Reached XP level 3. HP: 21/21 MP: 3/3
   414 | D:1      | You fall into a shaft and drop 1 floor!
   590 | D:2      | Reached skill level 7 in Stealth
   684 | D:2      | Found a faded altar of an unknown god.
   691 | D:2      | Reached XP level 4. HP: 24/26 MP: 4/4
   774 | D:1      | You fall into a shaft and drop 1 floor!
   788 | D:2      | Slain by an adder

Illustrated notes

Levels and vault maps discovered:
D:1:      mrwooster_arrival_statue_3, layout_loops_ring,
          chequers_serial_rivers_small_3, kennysheep_small_spiral,
          item_on_display_a
D:2:      layout_rooms, chequers_ecumenical_altar_simple_redux,
          nemelex_xobeh_ov_fountains_minmay, uniq_crazy_yiuf_cottage

Skill      XL: |  1  2  3 |
---------------+----------+-----
Stealth        | 6 7 |  7.6
Fighting       | |  2.1
Short Blades   | |  2.6
Throwing       | |  2.1
Dodging        | |  1.2

Action                   |  1- 3 |  4- 6 || total
-------------------------+-------+-------++-------
Melee: Dagger            |    71 |    11 ||    82
Throw: Dart              |     4 |     4 ||     8
 Stab: Sleeping          |     8 |       ||     8
Armor: Robe              |     5 |     2 ||     7
Dodge: Dodged            |    40 |    17 ||    57

Table legend: (Time is in decaauts)
 A = Elapsed time spent in this place.
 B = Non-inter-level travel time spent in this place.
 C = Inter-level travel time spent in this place.
 D = Time resting spent in this place.
 E = Time spent auto-exploring this place.
 F = Levels seen in this place.
 G = Mean time per level.
                   A        B        C        D        E       F      G
               +--------+--------+--------+--------+--------+-----+--------+
         Total |    777 |    777 |      0 |    107 |    368 |   2 |  388.5 |
       Dungeon |    777 |    777 |      0 |    107 |    368 |   2 |  388.5 |
               +--------+--------+--------+--------+--------+-----+--------+

Top non-repeatable levels by time:
     D:1: 436 daAuts
     D:2: 340 daAuts
